[ AOE2 MATCH · #477370974 ]
Team RMMaya vs Byzantines
[ REPLAY ANALYSIS · EXTRACTED FROM THE RECORDED GAME ]
Feudal
13:19
Castle
19:49
Imperial
33:07
| APM avg | 20.6 |
| APM peak | 73 |
| eAPM avg | 13.6 |
| Villagers / military | 81 / 267 |
Focus
⚔️ 59.0% · 🌾 41.0%
Skirmisher ×135 · Eagle Scout ×96 · Battering Ram ×20 · Trade Cart ×12 · Trebuchet (Packed) ×10 · Plumed Archer ×5
Feudal
12:11
Castle
19:31
Imperial
31:13
| APM avg | 14.7 |
| APM peak | 26 |
| eAPM avg | 11.3 |
| Villagers / military | 121 / 430 |
Focus
⚔️ 34.1% · 🌾 65.9%
Spearman ×232 · Mangudai ×185 · Trade Cart ×18 · Trebuchet (Packed) ×12 · Monk ×1
Feudal
13:40
Castle
19:11
Imperial
28:13
| APM avg | 16.3 |
| APM peak | 34 |
| eAPM avg | 12.2 |
| Villagers / military | 129 / 248 |
Focus
⚔️ 34.3% · 🌾 65.7%
Archer ×90 · Camel Scout ×70 · Knight ×59 · Skirmisher ×15 · Mangonel ×3 · Spearman ×3
Feudal
14:37
Castle
22:50
Imperial
30:45
| APM avg | 32.9 |
| APM peak | 91 |
| eAPM avg | 17.3 |
| Villagers / military | 127 / 300 |
Focus
⚔️ 40.3% · 🌾 59.7%
Knight ×188 · Scout Cavalry ×96 · Spearman ×13 · Trade Cart ×11 · Trebuchet (Packed) ×2 · Militia ×1
Feudal
11:45
Castle
20:55
Imperial
30:06
| APM avg | 20.6 |
| APM peak | 57 |
| eAPM avg | 13.8 |
| Villagers / military | 122 / 294 |
Focus
⚔️ 27.7% · 🌾 72.3%
Knight ×272 · Trade Cart ×42 · Trebuchet (Packed) ×16 · Monk ×3 · Bombard Cannon ×3
Feudal
12:25
Castle
16:52
Imperial
30:15
| APM avg | 52.5 |
| APM peak | 108 |
| eAPM avg | 32.2 |
| Villagers / military | 111 / 350 |
Focus
⚔️ 27.1% · 🌾 72.9%
Spearman ×205 · Skirmisher ×54 · Teutonic Knight ×51 · Knight ×17 · Bombard Cannon ×10 · Trade Cart ×7
Match map
Initial resources + every placement click. Lines = walls · curves = elevation contours. ◆ gold · ⬟ stone · ● berries · ✦ relic · ◌ wall gap
Your base· ✓ Closed at 19:49 · 8t walls · no gate
Strathinator's base· ✓ Closed at 19:31 · 7t walls · no gate
Randinator's base· ✓ Closed at 19:11 · 31t walls · 1 gate(s)
Alcas's base· ✓ Closed at 22:50 · 12t walls · 2 gate(s)
TerriblePotato's base· ✓ Closed at 20:55 · 0t walls · no gate
dudelsack's base· ✓ Closed at 16:52 · 22t walls · no gate
Smoothed initial terrain · ◌ = detected wall gap · hover for details
Inputs per minute
— DiosReus - - Strathinator
Build order — DiosReus
First 150 of 496 actions detected
| 0:05 | Create | Villager (Male) |
| 0:05 | Create | Villager (Male) |
| 0:05 | Create | Villager (Male) |
| 0:05 | Create | Villager (Male) |
| 0:11 | Build | House |
| 1:01 | Build | Palisade Wall |
| 1:40 | Build | House |
| 1:47 | Create | Villager (Male) |
| 1:48 | Create | Villager (Male) |
| 2:09 | Create | Villager (Male) |
| 2:09 | Create | Villager (Male) |
| 3:11 | Create | Villager (Male) |
| 3:31 | Create | Villager (Male) |
| 3:31 | Create | Villager (Male) |
| 3:41 | Create | Villager (Male) |
| 4:17 | Create | Villager (Male) |
| 4:17 | Create | Villager (Male) |
| 5:14 | Build | Lumber Camp |
| 5:29 | Create | Villager (Male) |
| 5:30 | Create | Villager (Male) |
| 5:32 | Create | Villager (Male) |
| 5:43 | Create | Villager (Male) |
| 5:44 | Create | Villager (Male) |
| 5:49 | Build | House |
| 6:44 | Build | House |
| 7:09 | Create | Villager (Male) |
| 7:10 | Create | Villager (Male) |
| 7:10 | Create | Villager (Male) |
| 7:13 | Create | Villager (Male) |
| 7:36 | Build | Mill |
| 8:48 | Create | Villager (Male) |
| 8:49 | Create | Villager (Male) |
| 9:33 | Create | Villager (Male) |
| 9:47 | Build | House |
| 9:50 | Build | House |
| 9:53 | Build | House |
| 10:03 | Create | Villager (Male) |
| 10:10 | Build | Farm |
| 10:31 | Create | Villager (Male) |
| 10:35 | Build | Farm |
| 11:09 | Research | Feudal Age |
| 11:32 | Build | Barracks |
| 11:47 | Create | Villager (Male) |
| 11:48 | Create | Villager (Male) |
| 12:15 | Build | Farm |
| 12:15 | Build | Farm |
| 12:15 | Build | Farm |
| 12:16 | Build | Farm |
| 12:17 | Build | Farm |
| 12:46 | Build | Mining Camp |
| 13:14 | Create | Villager (Male) |
| 13:15 | Create | Villager (Male) |
| 13:19 | Age | Feudal Age |
| 13:30 | Research | Horse Collar |
| 13:33 | Research | Double-Bit Axe |
| 13:49 | Build | Farm |
| 14:26 | Build | Market |
| 14:33 | Create | Villager (Male) |
| 14:33 | Create | Villager (Male) |
| 14:42 | Build | Blacksmith |
| 15:30 | Build | House |
| 15:33 | Build | House |
| 15:39 | Build | Farm |
| 15:41 | Create | Villager (Male) |
| 15:55 | Build | Lumber Camp |
| 16:00 | Build | Farm |
| 16:15 | Create | Villager (Male) |
| 16:42 | Create | Villager (Male) |
| 16:49 | Build | Mining Camp |
| 17:09 | Research | Castle Age |
| 17:29 | Build | Barracks |
| 17:52 | Research | Gold Mining |
| 17:54 | Research | Stone Mining |
| 17:59 | Create | Villager (Male) |
| 17:59 | Create | Villager (Male) |
| 18:28 | Create | Villager (Male) |
| 18:28 | Create | Villager (Male) |
| 18:28 | Create | Villager (Male) |
| 19:49 | Age | Castle Age |
| 20:08 | Build | Gate |
| 20:19 | Build | House |
| 20:23 | Build | House |
| 20:26 | Research | Wheelbarrow |
| 20:42 | Build | Stone Wall |
| 21:15 | Build | Town Center |
| 21:30 | Create | Villager (Male) |
| 21:53 | Build | Stone Wall |
| 22:04 | Create | Villager (Male) |
| 22:04 | Create | Villager (Male) |
| 23:26 | Create | Villager (Male) |
| 23:26 | Create | Villager (Male) |
| 23:26 | Create | Villager (Male) |
| 23:36 | Create | Villager (Male) |
| 23:37 | Create | Villager (Male) |
| 23:44 | Build | Archery Range |
| 23:49 | Build | Archery Range |
| 23:52 | Build | Archery Range |
| 24:00 | Build | Siege Workshop |
| 24:08 | Build | Farm |
| 24:12 | Research | Hand Cart |
| 24:13 | Create | Villager (Male) |
| 24:13 | Create | Villager (Male) |
| 24:32 | Build | Castle |
| 24:38 | Research | Fletching |
| 24:38 | Research | Padded Archer Armor |
| 24:53 | Build | University |
| 24:58 | Build | Monastery |
| 25:20 | Create | Skirmisher |
| 25:20 | Create | Skirmisher |
| 25:20 | Create | Skirmisher |
| 25:21 | Create | Skirmisher |
| 25:21 | Create | Skirmisher |
| 25:29 | Create | Villager (Male) |
| 25:29 | Create | Villager (Male) |
| 25:30 | Create | Villager (Male) |
| 25:30 | Create | Villager (Male) |
| 25:30 | Create | Villager (Male) |
| 25:33 | Research | Bodkin Arrow |
| 25:54 | Create | Monk |
| 26:16 | Build | Farm |
| 26:28 | Build | Lumber Camp |
| 26:48 | Create | Villager (Male) |
| 26:48 | Create | Villager (Male) |
| 26:48 | Create | Villager (Male) |
| 26:48 | Create | Villager (Male) |
| 26:52 | Build | Farm |
| 27:15 | Build | Farm |
| 27:23 | Build | Market |
| 27:33 | Create | Villager (Male) |
| 27:33 | Create | Villager (Male) |
| 27:33 | Create | Villager (Male) |
| 27:48 | Build | Siege Workshop |
| 27:59 | Research | Leather Archer Armor |
| 28:09 | Build | Farm |
| 28:13 | Build | Farm |
| 28:25 | Build | Town Center |
| 28:49 | Research | Masonry |
| 28:51 | Research | Fortified Wall (upgrade) |
| 29:57 | Research | Imperial Age |
| 29:57 | Research | Imperial Age |
| 30:06 | Research | Elite Skirmisher (upgrade) |
| 30:08 | Create | Skirmisher |
| 30:10 | Create | Skirmisher |
| 30:10 | Create | Skirmisher |
| 30:15 | Create | Plumed Archer |
| 30:15 | Create | Plumed Archer |
| 30:16 | Create | Plumed Archer |
| 30:16 | Create | Plumed Archer |
| 30:16 | Create | Plumed Archer |
| 30:35 | Create | Villager (Male) |
Build order — Strathinator
First 150 of 352 actions detected
| 0:01 | Create | Villager (Male) ×4 |
| 0:03 | Build | House |
| 0:04 | Build | House |
| 1:38 | Create | Villager (Male) |
| 2:05 | Create | Villager (Male) |
| 2:18 | Build | Palisade Wall |
| 3:21 | Build | Palisade Wall |
| 3:29 | Create | Villager (Male) ×3 |
| 3:36 | Build | Lumber Camp |
| 3:58 | Create | Villager (Male) |
| 4:12 | Build | House |
| 4:41 | Build | House |
| 5:06 | Create | Villager (Male) |
| 5:14 | Build | House |
| 5:18 | Create | Villager (Male) |
| 5:44 | Build | House |
| 6:01 | Create | Villager (Male) |
| 6:12 | Build | Mill |
| 6:32 | Create | Villager (Male) |
| 6:57 | Create | Villager (Male) |
| 7:19 | Create | Villager (Male) |
| 7:50 | Create | Villager (Male) |
| 8:18 | Create | Villager (Male) |
| 8:18 | Create | Villager (Male) |
| 8:18 | Create | Villager (Male) |
| 9:02 | Build | Lumber Camp |
| 9:25 | Research | Loom |
| 10:01 | Research | Feudal Age |
| 10:14 | Build | House |
| 10:15 | Build | House |
| 10:23 | Build | Farm |
| 10:23 | Build | Farm |
| 10:23 | Build | Farm |
| 10:23 | Build | Farm |
| 10:24 | Build | Farm |
| 10:24 | Build | Farm |
| 10:34 | Create | Villager (Male) |
| 11:02 | Build | Farm |
| 11:07 | Build | Farm |
| 11:38 | Create | Villager (Male) |
| 11:39 | Create | Villager (Male) |
| 12:11 | Age | Feudal Age |
| 12:15 | Build | Watch Tower |
| 12:19 | Research | Horse Collar |
| 12:23 | Research | Double-Bit Axe |
| 12:37 | Build | Blacksmith |
| 12:43 | Create | Villager (Male) |
| 13:00 | Create | Villager (Male) |
| 13:11 | Build | Mining Camp |
| 13:31 | Create | Villager (Male) |
| 14:18 | Build | Farm |
| 14:32 | Build | Lumber Camp |
| 14:36 | Build | Farm |
| 14:36 | Build | Farm |
| 14:36 | Build | Farm |
| 14:41 | Build | Farm |
| 14:46 | Create | Villager (Male) |
| 14:48 | Create | Villager (Male) |
| 15:28 | Build | Market |
| 15:32 | Create | Villager (Male) |
| 15:57 | Create | Villager (Male) |
| 16:09 | Build | Farm |
| 16:13 | Create | Villager (Male) |
| 16:41 | Build | Mining Camp |
| 16:48 | Research | Castle Age |
| 17:03 | Build | Mining Camp |
| 17:22 | Research | Stone Mining |
| 18:16 | Research | Forging |
| 18:28 | Create | Villager (Male) |
| 18:42 | Research | Fletching |
| 18:44 | Create | Villager (Male) |
| 19:12 | Create | Villager (Male) |
| 19:12 | Create | Villager (Male) |
| 19:25 | Research | Town Watch |
| 19:31 | Age | Castle Age |
| 19:34 | Build | Town Center |
| 20:05 | Research | Gold Mining |
| 20:08 | Create | Villager (Male) |
| 20:59 | Research | Bodkin Arrow |
| 21:05 | Create | Villager (Male) |
| 21:14 | Build | Farm |
| 21:24 | Create | Villager (Male) |
| 21:24 | Create | Villager (Male) |
| 21:55 | Create | Villager (Male) |
| 22:04 | Build | Farm |
| 22:04 | Build | Farm |
| 22:04 | Build | Farm |
| 22:04 | Build | Farm |
| 22:05 | Build | Farm |
| 22:05 | Build | Farm |
| 22:08 | Create | Villager (Male) |
| 22:09 | Create | Villager (Male) |
| 22:20 | Build | Castle |
| 22:42 | Research | Heavy Plow |
| 23:14 | Create | Villager (Male) ×4 |
| 23:33 | Create | Villager (Male) |
| 23:50 | Build | House |
| 23:51 | Build | House |
| 23:54 | Create | Villager (Male) |
| 24:13 | Build | Farm |
| 24:13 | Build | Farm |
| 24:13 | Build | Farm |
| 24:13 | Build | Farm |
| 24:14 | Build | Farm |
| 24:34 | Create | Villager (Male) |
| 24:34 | Create | Villager (Male) |
| 24:35 | Create | Villager (Male) |
| 24:35 | Create | Villager (Male) |
| 24:58 | Create | Mangudai ×5 |
| 25:03 | Build | House |
| 25:04 | Build | House |
| 25:15 | Build | House |
| 25:17 | Build | House |
| 25:18 | Build | House |
| 25:19 | Build | House |
| 25:20 | Build | House |
| 25:22 | Create | Villager (Male) |
| 25:22 | Create | Villager (Male) |
| 25:23 | Create | Villager (Male) |
| 25:23 | Create | Villager (Male) |
| 25:26 | Research | Wheelbarrow |
| 25:26 | Create | Villager (Male) ×5 |
| 25:34 | Research | Padded Archer Armor |
| 26:02 | Build | Stone Wall |
| 26:06 | Build | Gate |
| 27:00 | Build | Castle |
| 27:16 | Build | Mining Camp |
| 27:29 | Create | Villager (Male) |
| 27:30 | Create | Villager (Male) |
| 27:30 | Create | Villager (Male) |
| 27:31 | Create | Villager (Male) |
| 28:03 | Research | Imperial Age |
| 28:08 | Build | House |
| 28:09 | Build | House |
| 28:20 | Create | Villager (Male) |
| 28:20 | Create | Villager (Male) |
| 28:25 | Create | Mangudai |
| 28:47 | Create | Villager (Male) ×5 |
| 29:15 | Build | Barracks |
| 29:27 | Build | House |
| 29:28 | Build | House |
| 29:49 | Research | Leather Archer Armor |
| 30:13 | Build | Stable |
| 30:21 | Create | Villager (Male) ×5 |
| 30:30 | Research | Bow Saw |
| 30:53 | Create | Mangudai ×2 |
| 31:13 | Age | Imperial Age |
| 31:15 | Create | Trebuchet (Packed) |
| 31:35 | Create | Villager (Male) ×5 |
| 31:46 | Build | University |
Build order — Randinator
First 150 of 392 actions detected
| 0:01 | Create | Villager (Male) |
| 0:02 | Research | Loom |
| 0:02 | Create | Villager (Male) |
| 0:02 | Create | Villager (Male) |
| 0:03 | Create | Villager (Male) |
| 0:03 | Create | Villager (Male) |
| 0:08 | Build | House |
| 0:09 | Build | House |
| 0:40 | Build | House |
| 1:07 | Build | House |
| 1:24 | Build | House |
| 1:32 | Build | House |
| 1:36 | Build | House |
| 2:03 | Build | Palisade Wall |
| 2:26 | Create | Villager (Male) |
| 2:27 | Create | Villager (Male) |
| 2:52 | Build | Palisade Wall |
| 3:01 | Create | Villager (Male) |
| 3:02 | Create | Villager (Male) |
| 3:02 | Create | Villager (Male) |
| 3:45 | Create | Villager (Male) |
| 3:56 | Create | Villager (Male) |
| 4:05 | Build | Palisade Wall |
| 4:30 | Build | Palisade Wall |
| 4:33 | Create | Villager (Male) |
| 4:33 | Create | Villager (Male) |
| 5:09 | Create | Villager (Male) |
| 5:09 | Create | Villager (Male) |
| 5:21 | Build | Palisade Gate |
| 5:37 | Create | Villager (Male) |
| 5:37 | Create | Villager (Male) |
| 6:09 | Build | Mill |
| 6:13 | Create | Villager (Male) |
| 6:14 | Create | Villager (Male) |
| 6:14 | Create | Villager (Male) |
| 7:05 | Create | Villager (Male) |
| 7:06 | Create | Villager (Male) |
| 7:06 | Create | Villager (Male) |
| 7:06 | Create | Villager (Male) |
| 7:37 | Build | Lumber Camp |
| 8:33 | Create | Villager (Male) |
| 8:33 | Create | Villager (Male) |
| 8:33 | Create | Villager (Male) |
| 8:54 | Build | Lumber Camp |
| 9:26 | Create | Villager (Male) |
| 9:26 | Create | Villager (Male) |
| 10:15 | Build | Mining Camp |
| 11:05 | Create | Villager (Male) |
| 11:21 | Build | Barracks |
| 11:26 | Build | House |
| 11:29 | Research | Feudal Age |
| 12:59 | Create | Villager (Male) |
| 13:00 | Create | Villager (Male) |
| 13:14 | Build | Farm |
| 13:17 | Build | Farm |
| 13:19 | Build | Farm |
| 13:40 | Age | Feudal Age |
| 13:50 | Build | Archery Range |
| 14:00 | Build | Blacksmith |
| 14:05 | Build | Stone Wall |
| 14:11 | Build | Watch Tower |
| 14:26 | Build | Stone Wall |
| 14:51 | Create | Villager (Male) |
| 14:51 | Create | Villager (Male) |
| 14:51 | Create | Villager (Male) |
| 14:53 | Build | Farm |
| 14:53 | Build | Farm |
| 14:54 | Build | Farm |
| 15:00 | Build | Farm |
| 15:02 | Build | Farm |
| 15:03 | Build | Farm |
| 15:15 | Build | House |
| 15:33 | Build | House |
| 16:00 | Create | Villager (Male) |
| 16:21 | Research | Castle Age |
| 16:27 | Build | House |
| 16:53 | Build | Gate |
| 17:06 | Build | House |
| 17:18 | Build | Mining Camp |
| 17:45 | Build | House |
| 17:56 | Build | House |
| 18:13 | Build | Archery Range |
| 18:18 | Build | House |
| 18:29 | Build | Outpost |
| 18:34 | Research | Double-Bit Axe |
| 18:36 | Research | Horse Collar |
| 19:11 | Age | Castle Age |
| 19:18 | Build | Monastery |
| 19:45 | Build | Town Center |
| 19:57 | Create | Villager (Male) |
| 19:57 | Create | Villager (Male) |
| 20:01 | Create | Monk |
| 20:13 | Build | Gate |
| 20:23 | Build | Gate |
| 20:35 | Build | University |
| 20:46 | Create | Villager (Male) |
| 20:46 | Create | Villager (Male) |
| 20:50 | Research | Wheelbarrow |
| 21:32 | Create | Villager (Male) |
| 21:33 | Create | Villager (Male) |
| 21:34 | Create | Villager (Male) |
| 21:53 | Build | Siege Workshop |
| 22:05 | Build | House |
| 22:06 | Build | House |
| 22:07 | Build | House |
| 22:08 | Build | House |
| 22:17 | Build | Stone Wall |
| 22:22 | Build | Stone Wall |
| 22:47 | Build | Stone Wall |
| 22:50 | Build | Gate |
| 23:11 | Create | Mangonel |
| 23:16 | Create | Villager (Male) |
| 23:17 | Create | Villager (Male) |
| 23:17 | Create | Villager (Male) |
| 23:18 | Create | Villager (Male) |
| 23:24 | Build | Farm |
| 23:25 | Build | Farm |
| 23:26 | Build | Farm |
| 23:29 | Build | Farm |
| 23:34 | Build | Farm |
| 23:57 | Create | Spearman |
| 24:17 | Create | Spearman |
| 24:53 | Create | Spearman |
| 25:03 | Research | Imperial Age |
| 25:23 | Build | Stable |
| 25:30 | Research | Bow Saw |
| 25:35 | Create | Villager (Male) |
| 25:44 | Build | House |
| 25:45 | Build | House |
| 25:57 | Build | Farm |
| 26:25 | Create | Camel Scout |
| 26:25 | Create | Camel Scout |
| 26:29 | Research | Scale Barding Armor |
| 26:34 | Build | Stable |
| 26:47 | Build | Castle |
| 26:56 | Build | Mining Camp |
| 27:03 | Create | Villager (Male) |
| 27:03 | Create | Villager (Male) |
| 27:03 | Create | Villager (Male) |
| 27:04 | Create | Villager (Male) |
| 27:46 | Research | Forging |
| 27:49 | Create | Villager (Male) |
| 27:57 | Build | Farm |
| 28:05 | Build | Stable |
| 28:13 | Age | Imperial Age |
| 28:37 | Create | Trebuchet (Packed) |
| 28:41 | Research | Husbandry |
| 28:53 | Create | Camel Scout ×4 |
| 29:00 | Create | Trebuchet (Packed) |
| 29:28 | Build | Stable |
Build order — Alcas
First 150 of 661 actions detected
| 0:03 | Research | Loom |
| 0:04 | Build | House |
| 0:33 | Create | Villager (Male) |
| 0:33 | Create | Villager (Male) |
| 0:33 | Create | Villager (Male) |
| 0:33 | Create | Villager (Male) |
| 0:34 | Create | Villager (Male) |
| 0:59 | Build | Palisade Wall |
| 1:02 | Build | Palisade Gate |
| 1:02 | Build | Palisade Gate |
| 3:27 | Build | Mill |
| 4:29 | Create | Villager (Male) |
| 4:30 | Create | Villager (Male) |
| 4:58 | Build | House |
| 5:02 | Create | Villager (Male) |
| 5:56 | Create | Villager (Male) |
| 5:56 | Create | Villager (Male) |
| 6:47 | Create | Villager (Male) |
| 6:47 | Create | Villager (Male) |
| 6:48 | Create | Villager (Male) |
| 7:43 | Build | House |
| 7:48 | Build | House |
| 8:43 | Build | Mill |
| 8:45 | Create | Villager (Male) |
| 8:46 | Create | Villager (Male) |
| 8:46 | Create | Villager (Male) |
| 9:03 | Create | Villager (Male) |
| 9:50 | Build | Farm |
| 10:11 | Build | Farm |
| 10:29 | Create | Villager (Male) |
| 10:30 | Create | Villager (Male) |
| 10:45 | Build | Farm |
| 11:37 | Create | Villager (Male) |
| 11:37 | Create | Villager (Male) |
| 11:55 | Build | Lumber Camp |
| 12:20 | Research | Feudal Age |
| 13:59 | Build | Farm |
| 14:00 | Build | Farm |
| 14:24 | Build | Mining Camp |
| 14:34 | Create | Villager (Male) |
| 14:34 | Create | Villager (Male) |
| 14:34 | Create | Villager (Male) |
| 14:35 | Create | Villager (Male) |
| 14:36 | Create | Villager (Male) |
| 14:37 | Age | Feudal Age |
| 14:37 | Create | Villager (Male) |
| 14:44 | Research | Double-Bit Axe |
| 15:11 | Research | Horse Collar |
| 15:34 | Build | House |
| 15:40 | Build | House |
| 16:29 | Create | Villager (Male) |
| 17:10 | Build | Blacksmith |
| 18:19 | Build | Market |
| 18:29 | Create | Villager (Male) |
| 18:29 | Create | Villager (Male) |
| 19:26 | Create | Villager (Male) |
| 19:32 | Research | Gold Mining |
| 20:02 | Build | Barracks |
| 20:10 | Research | Castle Age |
| 20:41 | Research | Scale Barding Armor |
| 20:44 | Build | Farm |
| 22:18 | Build | House |
| 22:35 | Build | House |
| 22:38 | Build | House |
| 22:45 | Build | House |
| 22:46 | Build | House |
| 22:50 | Age | Castle Age |
| 22:55 | Build | Town Center |
| 22:58 | Create | Villager (Male) |
| 22:59 | Create | Villager (Male) |
| 22:59 | Create | Villager (Male) |
| 22:59 | Create | Villager (Male) |
| 22:59 | Create | Villager (Male) |
| 23:02 | Research | Bow Saw |
| 23:19 | Research | Gold Shaft Mining |
| 23:19 | Research | Gold Shaft Mining |
| 24:02 | Build | House |
| 24:03 | Build | House |
| 24:07 | Create | Villager (Male) |
| 24:07 | Create | Villager (Male) |
| 24:07 | Create | Villager (Male) |
| 24:07 | Create | Villager (Male) |
| 24:08 | Create | Villager (Male) |
| 24:36 | Build | University |
| 24:47 | Build | Monastery |
| 24:53 | Create | Villager (Male) |
| 24:55 | Create | Villager (Male) |
| 25:00 | Build | Farm |
| 25:27 | Create | Villager (Male) |
| 25:32 | Build | Farm |
| 25:32 | Build | Farm |
| 25:48 | Build | Farm |
| 25:48 | Build | Farm |
| 26:09 | Create | Villager (Male) |
| 26:09 | Create | Villager (Male) |
| 26:24 | Build | Farm |
| 26:44 | Build | Farm |
| 26:58 | Create | Villager (Male) |
| 27:04 | Build | Farm |
| 27:35 | Research | Imperial Age |
| 27:35 | Research | Imperial Age |
| 27:41 | Build | Farm |
| 27:41 | Build | Farm |
| 27:41 | Build | Farm |
| 27:41 | Build | Farm |
| 27:46 | Build | Farm |
| 27:48 | Create | Villager (Male) |
| 27:48 | Create | Villager (Male) |
| 27:48 | Create | Villager (Male) |
| 28:15 | Build | Stable |
| 28:24 | Build | Stone Wall |
| 28:27 | Build | Gate |
| 28:29 | Build | Gate |
| 28:48 | Research | Chain Barding Armor |
| 28:54 | Build | Farm |
| 28:54 | Build | Farm |
| 28:54 | Build | Farm |
| 28:55 | Create | Villager (Male) |
| 28:56 | Create | Villager (Male) |
| 28:56 | Create | Villager (Male) |
| 28:56 | Create | Villager (Male) |
| 28:56 | Create | Villager (Male) |
| 28:57 | Create | Villager (Male) |
| 28:57 | Create | Villager (Male) |
| 29:18 | Build | Stable |
| 29:52 | Build | Town Center |
| 30:17 | Research | Wheelbarrow |
| 30:25 | Build | Town Center |
| 30:32 | Create | Knight |
| 30:33 | Create | Knight |
| 30:37 | Create | Knight |
| 30:37 | Create | Knight |
| 30:45 | Age | Imperial Age |
| 30:58 | Create | Villager (Male) |
| 30:58 | Create | Villager (Male) |
| 30:58 | Create | Villager (Male) |
| 30:59 | Create | Villager (Male) |
| 30:59 | Create | Villager (Male) |
| 31:06 | Create | Knight |
| 31:06 | Create | Knight |
| 31:11 | Build | Stable |
| 31:15 | Create | Knight |
| 31:15 | Create | Knight |
| 31:21 | Create | Villager (Male) |
| 31:28 | Create | Villager (Male) |
| 31:28 | Create | Villager (Male) |
| 31:28 | Create | Villager (Male) |
| 31:32 | Build | Farm |
| 31:34 | Create | Villager (Male) |
| 31:39 | Build | Lumber Camp |
Build order — TerriblePotato
First 150 of 377 actions detected
| 0:02 | Create | Villager (Male) |
| 0:02 | Create | Villager (Male) |
| 0:02 | Create | Villager (Male) |
| 0:03 | Create | Villager (Male) |
| 0:04 | Build | House |
| 0:09 | Build | House |
| 1:31 | Create | Villager (Male) |
| 2:27 | Research | Loom |
| 2:34 | Build | Lumber Camp |
| 2:47 | Create | Villager (Male) |
| 2:48 | Create | Villager (Male) |
| 3:20 | Create | Villager (Male) |
| 3:21 | Create | Villager (Male) |
| 3:48 | Create | Villager (Male) |
| 4:30 | Create | Villager (Male) |
| 4:37 | Build | House |
| 5:18 | Create | Villager (Male) |
| 5:19 | Create | Villager (Male) |
| 5:24 | Build | Mill |
| 5:34 | Create | Villager (Male) |
| 6:20 | Create | Villager (Male) |
| 6:20 | Create | Villager (Male) |
| 6:45 | Create | Villager (Male) |
| 6:48 | Build | House |
| 7:30 | Create | Villager (Male) |
| 8:16 | Create | Villager (Male) |
| 8:29 | Create | Villager (Male) |
| 8:35 | Create | Villager (Male) |
| 9:05 | Build | Mill |
| 9:23 | Build | House |
| 9:35 | Research | Feudal Age |
| 9:50 | Build | Barracks |
| 9:58 | Create | Villager (Male) |
| 9:58 | Create | Villager (Male) |
| 9:58 | Create | Villager (Male) |
| 11:01 | Build | House |
| 11:21 | Create | Villager (Male) |
| 11:45 | Age | Feudal Age |
| 11:51 | Research | Double-Bit Axe |
| 11:58 | Build | Blacksmith |
| 12:02 | Create | Villager (Male) |
| 12:33 | Build | Mining Camp |
| 12:40 | Create | Villager (Male) |
| 12:48 | Build | House |
| 13:13 | Build | Market |
| 13:48 | Build | Mining Camp |
| 13:52 | Create | Villager (Male) |
| 13:52 | Create | Villager (Male) |
| 13:52 | Create | Villager (Male) |
| 14:31 | Build | Farm |
| 14:32 | Build | Farm |
| 14:33 | Build | Farm |
| 14:33 | Build | Farm |
| 14:34 | Build | Farm |
| 14:46 | Create | Villager (Male) |
| 15:05 | Build | Farm |
| 15:05 | Build | Farm |
| 15:06 | Build | Farm |
| 15:08 | Build | Farm |
| 15:09 | Build | Farm |
| 15:10 | Build | Farm |
| 15:45 | Create | Villager (Male) |
| 15:46 | Create | Villager (Male) |
| 16:32 | Create | Villager (Male) |
| 16:39 | Build | Farm |
| 16:42 | Create | Villager (Male) |
| 16:43 | Create | Villager (Male) |
| 16:43 | Create | Villager (Male) |
| 17:04 | Build | Farm |
| 17:29 | Build | Farm |
| 17:54 | Build | Farm |
| 18:00 | Research | Castle Age |
| 18:19 | Build | Farm |
| 18:41 | Build | House |
| 18:41 | Build | House |
| 18:42 | Build | House |
| 18:43 | Build | House |
| 18:44 | Build | House |
| 18:45 | Build | House |
| 18:47 | Build | House |
| 18:48 | Build | House |
| 18:50 | Build | House |
| 18:50 | Build | House |
| 18:51 | Build | House |
| 18:53 | Build | House |
| 18:54 | Build | House |
| 18:56 | Build | House |
| 18:56 | Build | House |
| 18:58 | Build | House |
| 20:32 | Create | Villager (Male) |
| 20:32 | Create | Villager (Male) |
| 20:32 | Create | Villager (Male) |
| 20:33 | Create | Villager (Male) |
| 20:33 | Create | Villager (Male) |
| 20:55 | Age | Castle Age |
| 21:03 | Build | Town Center |
| 21:15 | Build | Town Center |
| 21:21 | Research | Bow Saw |
| 22:50 | Create | Villager (Male) ×5 |
| 22:55 | Research | Wheelbarrow |
| 22:56 | Research | Town Watch |
| 22:57 | Create | Villager (Male) ×5 |
| 23:28 | Create | Villager (Male) |
| 23:28 | Create | Villager (Male) |
| 23:28 | Create | Villager (Male) |
| 23:29 | Create | Villager (Male) |
| 23:30 | Create | Villager (Male) |
| 23:39 | Build | Farm |
| 23:39 | Build | Farm |
| 23:40 | Build | Farm |
| 23:40 | Build | Farm |
| 23:41 | Build | Farm |
| 23:47 | Build | Farm |
| 23:47 | Build | Farm |
| 23:54 | Build | Monastery |
| 24:14 | Build | Stone Wall |
| 24:56 | Build | Gate |
| 25:06 | Create | Villager (Male) |
| 25:07 | Create | Villager (Male) |
| 25:10 | Create | Villager (Male) |
| 25:15 | Build | Stable |
| 25:19 | Build | Mining Camp |
| 25:20 | Create | Monk |
| 25:24 | Build | University |
| 25:37 | Build | Stone Wall |
| 25:43 | Build | Gate |
| 26:01 | Build | Castle |
| 26:05 | Create | Villager (Male) |
| 26:06 | Create | Villager (Male) |
| 26:06 | Create | Villager (Male) |
| 26:06 | Create | Villager (Male) |
| 26:07 | Create | Villager (Male) |
| 26:08 | Create | Villager (Male) |
| 26:08 | Create | Villager (Male) |
| 26:08 | Create | Villager (Male) |
| 26:11 | Create | Villager (Male) |
| 26:12 | Create | Villager (Male) |
| 26:31 | Create | Villager (Male) |
| 26:34 | Create | Villager (Male) |
| 26:37 | Build | Farm |
| 26:37 | Build | Farm |
| 26:38 | Build | Farm |
| 26:38 | Build | Farm |
| 26:39 | Build | Farm |
| 26:44 | Research | Imperial Age |
| 26:48 | Create | Villager (Male) |
| 26:50 | Create | Villager (Male) |
| 26:55 | Research | Hand Cart |
| 27:37 | Create | Villager (Male) |
| 27:37 | Create | Villager (Male) |
Build order — dudelsack
First 150 of 622 actions detected
| 0:01 | Create | Villager (Male) |
| 0:01 | Create | Villager (Male) |
| 0:02 | Create | Villager (Male) |
| 0:03 | Build | House |
| 0:07 | Build | House |
| 0:20 | Research | Loom |
| 0:40 | Create | Villager (Male) |
| 1:01 | Build | Palisade Wall |
| 1:20 | Build | Palisade Wall |
| 1:30 | Create | Villager (Male) |
| 1:30 | Create | Villager (Male) |
| 1:30 | Create | Villager (Male) |
| 1:51 | Create | Villager (Male) |
| 2:04 | Build | Palisade Wall |
| 2:57 | Create | Villager (Male) |
| 2:58 | Create | Villager (Male) |
| 3:19 | Create | Villager (Male) |
| 3:20 | Create | Villager (Male) |
| 3:54 | Create | Villager (Male) |
| 4:00 | Build | Lumber Camp |
| 4:06 | Create | Villager (Male) |
| 4:41 | Create | Villager (Male) |
| 4:41 | Create | Villager (Male) |
| 5:02 | Create | Villager (Male) |
| 5:02 | Create | Villager (Male) |
| 5:13 | Build | House |
| 6:30 | Create | Villager (Male) |
| 6:31 | Create | Villager (Male) |
| 7:16 | Create | Villager (Male) |
| 7:16 | Create | Villager (Male) |
| 7:18 | Create | Villager (Male) |
| 7:21 | Build | House |
| 7:50 | Build | Mill |
| 8:11 | Create | Villager (Male) |
| 8:17 | Build | Mining Camp |
| 8:27 | Create | Villager (Male) |
| 9:04 | Build | House |
| 9:19 | Create | Villager (Male) |
| 9:20 | Create | Villager (Male) |
| 10:15 | Research | Feudal Age |
| 12:25 | Age | Feudal Age |
| 12:30 | Build | Market |
| 12:39 | Build | Blacksmith |
| 12:48 | Create | Villager (Male) |
| 13:05 | Create | Villager (Male) |
| 13:29 | Create | Villager (Male) |
| 14:00 | Build | House |
| 14:12 | Research | Castle Age |
| 14:50 | Build | Barracks |
| 14:56 | Research | Horse Collar |
| 15:21 | Research | Double-Bit Axe |
| 15:52 | Build | Stable |
| 16:48 | Create | Villager (Male) |
| 16:52 | Age | Castle Age |
| 16:57 | Build | Town Center |
| 17:04 | Research | Heavy Plow |
| 17:09 | Create | Villager (Male) |
| 17:14 | Build | Siege Workshop |
| 17:29 | Build | Farm |
| 17:30 | Build | Farm |
| 17:48 | Build | Farm |
| 17:50 | Create | Villager (Male) |
| 17:53 | Build | Farm |
| 17:54 | Create | Villager (Male) |
| 17:59 | Build | Monastery |
| 18:15 | Build | Farm |
| 18:18 | Create | Villager (Male) |
| 18:20 | Create | Villager (Male) |
| 18:23 | Build | Farm |
| 18:28 | Build | Farm |
| 18:42 | Create | Villager (Male) |
| 18:49 | Build | Farm |
| 18:52 | Build | Farm |
| 18:59 | Build | Farm |
| 19:10 | Build | Farm |
| 19:13 | Build | Farm |
| 19:15 | Create | Villager (Male) |
| 19:24 | Build | House |
| 19:32 | Create | Villager (Male) |
| 19:40 | Create | Villager (Male) |
| 19:42 | Build | Farm |
| 19:54 | Create | Mangonel |
| 20:07 | Create | Villager (Male) |
| 20:09 | Build | Farm |
| 20:10 | Create | Villager (Male) |
| 20:28 | Create | Monk |
| 20:39 | Create | Villager (Male) |
| 20:49 | Build | House |
| 20:50 | Create | Villager (Male) |
| 21:02 | Create | Villager (Male) |
| 21:03 | Create | Villager (Male) |
| 21:09 | Build | House |
| 21:12 | Build | Farm |
| 21:14 | Research | Wheelbarrow |
| 21:18 | Build | Farm |
| 21:36 | Create | Mangonel |
| 21:40 | Create | Villager (Male) |
| 21:41 | Create | Villager (Male) |
| 21:51 | Build | Farm |
| 21:54 | Build | Farm |
| 22:05 | Create | Villager (Male) |
| 22:05 | Create | Villager (Male) |
| 22:33 | Create | Knight |
| 22:33 | Create | Knight |
| 22:34 | Create | Knight |
| 22:37 | Create | Villager (Male) |
| 22:48 | Build | Farm |
| 23:00 | Build | Farm |
| 23:12 | Create | Villager (Male) |
| 23:16 | Build | House |
| 23:30 | Build | Gate |
| 23:37 | Build | House |
| 23:46 | Build | Mill |
| 24:10 | Create | Villager (Male) |
| 24:10 | Create | Villager (Male) |
| 24:10 | Create | Villager (Male) |
| 24:15 | Build | Farm |
| 24:34 | Build | Farm |
| 24:35 | Create | Villager (Male) |
| 24:36 | Create | Villager (Male) |
| 24:36 | Create | Villager (Male) |
| 24:36 | Create | Villager (Male) |
| 24:50 | Build | Farm |
| 24:52 | Create | Villager (Male) |
| 24:56 | Build | University |
| 24:58 | Build | Farm |
| 25:03 | Create | Villager (Male) |
| 25:04 | Create | Villager (Male) |
| 25:15 | Build | Stone Wall |
| 25:17 | Create | Villager (Male) |
| 25:18 | Create | Villager (Male) |
| 25:24 | Build | Castle |
| 25:34 | Build | House |
| 25:52 | Build | Farm |
| 25:59 | Build | House |
| 26:41 | Create | Villager (Male) |
| 26:41 | Create | Villager (Male) |
| 26:42 | Create | Villager (Male) |
| 26:42 | Create | Villager (Male) |
| 26:46 | Build | Farm |
| 26:47 | Build | Farm |
| 27:01 | Research | Imperial Age |
| 27:03 | Create | Villager (Male) |
| 27:06 | Build | Mining Camp |
| 27:18 | Create | Teutonic Knight |
| 27:18 | Create | Teutonic Knight |
| 27:18 | Create | Teutonic Knight |
| 27:20 | Create | Scout Cavalry |
| 27:43 | Research | Gold Mining |
| 27:47 | Create | Villager (Male) |
Match timeline
| 0:59 | Alcas · wall_segment Palisade Wall x12 |
| 1:01 | dudelsack · wall_segment Palisade Wall x9 |
| 1:01 | DiosReus · wall_segment Palisade Wall x8 |
| 1:20 | dudelsack · wall_segment Palisade Wall x8 |
| 2:03 | Randinator · wall_segment Palisade Wall x5 |
| 2:04 | dudelsack · wall_segment Palisade Wall x5 |
| 2:18 | Strathinator · wall_segment Palisade Wall x7 |
| 2:52 | Randinator · wall_segment Palisade Wall x9 |
| 3:21 | Strathinator · wall_segment Palisade Wall x1 |
| 4:05 | Randinator · wall_segment Palisade Wall x9 |
| 4:30 | Randinator · wall_segment Palisade Wall x2 |
| 9:50 | TerriblePotato · first_building Barracks |
| 11:21 | Randinator · first_building Barracks |
| 11:32 | DiosReus · first_building Barracks |
| 11:45 | TerriblePotato · age_up feudal |
| 12:11 | Strathinator · age_up feudal |
| 12:25 | dudelsack · age_up feudal |
| 13:19 | DiosReus · age_up feudal |
| 13:40 | Randinator · age_up feudal |
| 13:50 | Randinator · first_building Archery Range |
| 14:05 | Randinator · wall_segment Stone Wall x6 |
| 14:26 | Randinator · wall_segment Stone Wall x10 |
| 14:37 | Alcas · age_up feudal |
| 14:50 | dudelsack · first_building Barracks |
| 15:52 | dudelsack · first_building Stable |
| 16:52 | dudelsack · age_up castle |
| 17:14 | dudelsack · first_building Siege Workshop |
| 17:59 | dudelsack · first_building Monastery |
| 19:11 | Randinator · age_up castle |
| 19:18 | Randinator · first_building Monastery |
| 19:30 | dudelsack · first_market_buy 100 food |
| 19:31 | Strathinator · age_up castle |
| 19:49 | DiosReus · age_up castle |
| 20:02 | Alcas · first_building Barracks |
| 20:42 | DiosReus · wall_segment Stone Wall x5 |
| 20:55 | TerriblePotato · age_up castle |
| 21:53 | DiosReus · wall_segment Stone Wall x3 |
| 21:53 | Randinator · first_building Siege Workshop |
| 22:17 | Randinator · wall_segment Stone Wall x3 |
| 22:20 | Strathinator · first_building Castle |
| 22:22 | Randinator · wall_segment Stone Wall x1 |
| 22:47 | Randinator · wall_segment Stone Wall x14 |
| 22:50 | Alcas · age_up castle |
| 23:44 | DiosReus · first_building Archery Range |
| 23:54 | TerriblePotato · first_building Monastery |
| 24:00 | DiosReus · first_building Siege Workshop |
| 24:14 | TerriblePotato · wall_segment Stone Wall x10 |
| 24:24 | Alcas · first_market_buy 100 wood |
| 24:32 | DiosReus · first_building Castle |
| 24:47 | Alcas · first_building Monastery |
| 24:58 | DiosReus · first_building Monastery |
| 25:15 | TerriblePotato · first_building Stable |
| 25:15 | dudelsack · wall_segment Stone Wall x3 |
| 25:23 | Randinator · first_building Stable |
| 25:24 | dudelsack · first_building Castle |
| 25:37 | TerriblePotato · wall_segment Stone Wall x12 |
| 26:01 | TerriblePotato · first_building Castle |
| 26:02 | Strathinator · wall_segment Stone Wall x9 |
| 26:47 | Randinator · first_building Castle |
| 26:52 | dudelsack · first_market_sell 100 food |
| 27:45 | Strathinator · first_market_sell 100 food |
| 28:13 | Randinator · age_up imperial |
| 28:15 | Alcas · first_building Stable |
| 28:24 | Alcas · wall_segment Stone Wall x19 |
| 28:53 | dudelsack · first_building Archery Range |
| 29:07 | DiosReus · first_market_buy 100 food |
| 29:15 | Strathinator · first_building Barracks |
| 30:06 | TerriblePotato · age_up imperial |
| 30:13 | Strathinator · first_building Stable |
| 30:15 | dudelsack · age_up imperial |
| 30:45 | Alcas · age_up imperial |
| 31:13 | Strathinator · age_up imperial |
| 33:05 | Strathinator · first_building Monastery |
| 33:06 | TerriblePotato · first_market_sell 500 wood |
| 33:07 | DiosReus · age_up imperial |
| 33:18 | DiosReus · first_market_sell 100 food |
| 34:04 | TerriblePotato · first_building Siege Workshop |
| 36:45 | Strathinator · first_building Archery Range |
| 37:53 | Alcas · first_building Castle |
| 43:07 | Alcas · first_market_sell 100 stone |
| 50:04 | TerriblePotato · wall_segment Stone Wall x13 |
| 50:19 | DiosReus · wall_segment Stone Wall x4 |
| 50:22 | Randinator · wall_segment Stone Wall x1 |
| 50:24 | DiosReus · wall_segment Stone Wall x4 |
| 51:02 | TerriblePotato · tribute_sent a jugador 1 |
| 51:02 | TerriblePotato · tribute_sent a jugador 2 |
| 51:02 | TerriblePotato · tribute_sent a jugador 3 |
| 51:02 | TerriblePotato · tribute_sent a jugador 4 |
| 51:02 | TerriblePotato · tribute_sent a jugador 6 |
| 51:17 | Randinator · first_market_sell 500 stone |
| 51:31 | TerriblePotato · wall_segment Stone Wall x12 |
| 51:33 | TerriblePotato · wall_segment Stone Wall x11 |
| 51:35 | TerriblePotato · wall_segment Stone Wall x12 |
| 52:19 | TerriblePotato · wall_segment Stone Wall x7 |
| 54:01 | Randinator · wall_segment Stone Wall x1 |
| 55:11 | Randinator · wall_segment Stone Wall x5 |
| 57:09 | Randinator · wall_segment Stone Wall x1 |
| 58:35 | TerriblePotato · first_market_buy 100 stone |
| 58:41 | dudelsack · resign |
[ AI ANALYSIS · 1 CREDIT ]
What really happened in this match?
Wolo.gg analyzes every decision: build order, eco, micro, common mistakes by bracket. Personalized analysis on WhatsApp or Discord in 30 seconds.
Civ guide
Maya
Map guide
Black Forest
Perfil
Jugador #10803364